 Dungeon Crawl Stone Soup version 0.28-a0-1114-g8eb0198dcf (webtiles) character file.

Game seed: 7329591631943776554

11543 Lavandula the Grappler (level 12, -8/73 (82) HPs)
             Began as a Formicid Transmuter on Dec 11, 2021.
             Was a Priest of Ru.
             Mangled by an orc knight (26 damage)
             ... in a bailey.
             The game lasted 00:35:39 (13567 turns).

Lavandula the Grappler (Formicid Transmuter)       Turns: 13567, Time: 00:35:41

HP:   -8/73 (82)    AC:  3    Str: 16    XL:     12   Next: 9%
MP:   17/17         EV: 14    Int: 17    God:    Ru [***...]
Gold: 533           SH:  0    Dex: 11    Spells: 1/18 levels left

rFire   . . .      SeeInvis +     - Unarmed
rCold   . . .      Faith    .   (no shield)
rNeg    + . .      Spirit   .   s - +0 robe {rN+}
rPois   .          Reflect  .   (helmet unavailable)
rElec   .          Harm     .   (no cloak)
rCorr   .          Rampage  .   (no gloves)
Will    +....                   q - +0 pair of boots
Stlth   +.........              v - amulet of the acrobat
HPRegen 0.22/turn               f - ring of wizardry
MPRegen 0.15/turn               (no ring)

@: heavily drained, unable to read
A: permanent stasis, dig shafts and tunnels, antennae 3, frail 1, inability to
read while threatened, four strong arms
a: Dig, Renounce Religion, Draw Out Power


You were in a bailey.
You worshipped Ru.
Ru was most pleased with you.
You visited 2 branches of the dungeon, and saw 10 of its levels.
You also visited: Bailey.

You collected 533 gold pieces.

Inventory:

Missiles
 d - a throwing net
 l - 19 poisoned darts (quivered)
Armour
 a - a +0 robe
 m - the +1 leather armour "Tarut" {+Inv rC+++ Will- SInv}
   (You found it on level 6 of the Dungeon)

   rC:        It renders you almost immune to cold.
   SInv:      It lets you see invisible.
   +Inv:      It lets you turn invisible.
   Will:      It decreases your willpower.
 q - a +0 pair of boots (worn)
 s - a +0 robe of positive energy (worn)
Jewellery
 f - a ring of wizardry (left hand)
 v - an amulet of the acrobat (around neck)
Scrolls
 c - 2 scrolls of acquirement {unknown}
 i - a scroll of brand weapon
 k - a scroll of fog
 o - 2 scrolls of blinking {unknown}
 t - 2 scrolls of enchant weapon
 u - a scroll of vulnerability
 x - a scroll of fear {unknown}
Potions
 b - a potion of flight {unknown}
 e - 2 potions of cancellation {unknown}
 g - 3 potions of magic
 j - 3 potions of mutation
 n - a potion of resistance {unknown}
 p - 2 potions of might
 r - a potion of lignification


   Skills:
 - Level 7.9 Fighting
 - Level 4.8 Armour
 - Level 7.2 Dodging
 - Level 11.5 Unarmed Combat
 - Level 3.7 Spellcasting
 - Level 6.2 Hexes
 - Level 6.6 Transmutations
 - Level 2.0 Fire Magic
 - Level 3.0 Ice Magic
 - Level 2.2 Poison Magic


You had one spell level left.
You knew the following spells:

 Your Spells              Type           Power      Damage    Failure   Level
a - Beastly Appendage     Tmut           50%        N/A       1%          1
b - Wereblood             Tmut           25%        N/A       1%          2
c - Spider Form           Tmut/Pois      18%        N/A       3%          3
d - Summon Small Mammal   Summ           12%        N/A       6%          1
e - Confusing Touch       Hex            24%        N/A       1%          3
f - Ice Form              Ice/Tmut       19%        N/A       9%          4
g - Conjure Flame         Conj/Fire      6%         6-21      13%         3

Your spell library contained the following spells:

 Spells                   Type           Power      Damage    Failure   Level
 Slow                     Hex            96%        N/A       1%          1
 Animate Skeleton         Necr           6%         N/A       6%          1
 Apportation              Tloc           6%         N/A       6%          1
 Magic Dart               Conj           12%        1d3       6%          1
 Pain                     Necr           12%        1d4       6%          1
 Ensorcelled Hibernation  Hex/Ice        36%        N/A       1%          2
 Tukima's Dance           Hex            24%        N/A       1%          3
 Ignite Poison            Fire/Tmut/Pois 15%        N/A       4%          3
 Searing Ray              Conj           6%         2d4       10%         2
 Yara's Violent Unravell  Hex/Tmut       12%        3d7       13%         5
 Fulminant Prism          Conj/Hex       6%         3d7       17%         4
 Vampiric Draining        Necr           3%         2d6       19%         3
 Sticky Flame             Conj/Fire      6%         2d3       38%         4
 Iskenderun's Mystic Bla  Conj/Tloc      3%         2d3       52%         4
 Lee's Rapid Deconstruct  Erth           1%         3d5*      85%         5


Dungeon Overview and Level Annotations

Branches:
Dungeon (9/15)             Temple (1/1) D:6          Bailey (1/1)
   Lair: D:8-11         Orc: D:9-12

Altars:
Ashenzari
Dithmenos
Elyvilon
Fedhas
Gozag
Hepliaklqana
Makhleb
Nemelex Xobeh
Qazlal
Ru
Sif Muna
Uskayaw
Vehumet
Yredelemnul
Zin
The Shining One

Shops:
D:5 [


Innate Abilities, Weirdness & Mutations

You cannot be hasted, slowed, berserked, paralysed or teleported.
You can dig through walls and to a lower floor.
You have a pair of large antennae on your head. (SInv)
You are frail. (-10% HP)
You sometimes lose the ability to read scrolls when taking damage.
Your four strong arms can wield two-handed weapons with a shield.


Message History

The orc knight completely misses you. The orc warrior completely misses you.
Okay, then.
Unknown command.
You feel less exhausted.
The orc knight hits you from afar with a +0 glaive!!
* * * LOW HITPOINT WARNING * * *
The orc knight completely misses you.
Unknown command.
Okay, then.
You feel much better.
The orc warrior no longer looks unusually strong.
The orc knight roars a battlecry!
The orc warrior goes into a battle-frenzy!
The orc knight completely misses you. The orc warrior misses you.
The orc knight hits you from afar with a +0 glaive!
* * * LOW HITPOINT WARNING * * *
The orc warrior closely misses you.
You feel much better.
The orc knight no longer looks unusually strong.
You redirect the orc knight's attack!
The orc knight roars a battlecry!
The orc knight goes into a battle-frenzy!
The orc warrior completely misses you. The orc knight misses you.
Unknown command.
The orc knight misses you.
Unknown command.
The orc knight hits you from afar with a +0 glaive!!
* * * LOW HITPOINT WARNING * * *
Unknown command.
Unknown command.
There is a gate leading back out of this place here.
Unknown command.
Your transformation has ended.
Your +0 pair of boots unmelds from your body.
Your +0 robe of positive energy unmelds from your body.
You feel more protected from negative energy.
The orc warrior no longer looks unusually strong.
The orc knight no longer looks unusually strong.
The orc knight hits you from afar with a +0 glaive!!
You die...

#.......#
#.oo....#
#.......#
#o......#
#.o.....#
#o.o....#
#.oooo..#
#.......#
##..@..##
#######


You could see 4 orc knights, 5 orc warriors and an orc (strong).

Vanquished Creatures
  A two-headed ogre (D:7)
  Pikel (D:7)
  An orc knight (Bailey)
  An unseen horror (D:8)
  Grum (D:7)
  Duvessa (D:7)
  8 orc warriors
  2 sky beasts
  A black bear (D:6)
  2 ogres
  6 centaurs
  A lemure (D:7)
  A phantom (D:4)
  A gnoll sergeant (D:7)
  2 bullfrogs (D:7)
  2 scorpions (D:5)
  A wyvern skeleton (D:5)
  Dowan (D:7)
  4 killer bees (D:9)
  6 wights
  A centaur zombie (D:7)
  13 hounds
  2 jellies
  2 gnoll shamans (D:7)
  5 orc priests
  A bullfrog skeleton (D:5)
  A centaur skeleton (D:6)
  3 iguanas
  15 orc wizards
  A hound zombie (D:3)
  2 hound skeletons (D:4)
  5 adders
  15 gnolls
  A shadow imp (D:6)
  2 white imps
  An ufetubus (D:4)
  A worm (D:2)
  4 dart slugs
  45 orcs
  4 bats
  6 endoplasms
  5 giant cockroaches
  12 goblins
  13 hobgoblins
  5 jackals
  3 quokkas
  3 ball pythons
  A frilled lizard (D:1)
  12 kobolds
  5 rats
233 creatures vanquished.

Vanquished Creatures (others)
  A goblin (D:9)
  3 plants (D:5)
4 creatures vanquished.

Grand Total: 237 creatures vanquished

Notes
Turn   | Place    | Note
-------+----------+-------------------------------------------
     0 | D:1      | Lavandula the Formicid Transmuter began the quest for the
                  | Orb.
     0 | D:1      | Reached XP level 1. HP: 15/15 MP: 3/3
   366 | D:1      | Reached XP level 2. HP: 19/21 MP: 5/5
   662 | D:1      | Learned a level 2 spell: Wereblood
   844 | D:1      | Reached skill level 4 in Unarmed Combat
   844 | D:1      | Reached XP level 3. HP: 18/26 MP: 0/6
  1146 | D:1      | Learned a level 3 spell: Spider Form
  1225 | D:1      | Found a faded altar of an unknown god.
  2012 | D:2      | Reached XP level 4. HP: 32/32 MP: 5/7
  2282 | D:2      | Found a shimmering blue altar of Sif Muna.
  2758 | D:2      | HP: 1/32 [gnoll (3)]
  3394 | D:3      | Found a sparkling altar of Nemelex Xobeh.
  3534 | D:3      | Reached skill level 5 in Unarmed Combat
  3534 | D:3      | Reached XP level 5. HP: 24/37 MP: 6/8
  3670 | D:3      | Found an opulent altar of Gozag.
  3678 | D:3      | Found a radiant altar of Vehumet.
  3685 | D:3      | Found a blossoming altar of Fedhas.
  3701 | D:3      | Found a glowing golden altar of the Shining One.
  3709 | D:3      | Found a broken altar of Ashenzari.
  3717 | D:3      | Found a shadowy altar of Dithmenos.
  3722 | D:3      | Found a basalt altar of Yredelemnul.
  4293 | D:3      | Found a white marble altar of Elyvilon.
  4496 | D:3      | Found a glowing silver altar of Zin.
  4744 | D:4      | Reached XP level 6. HP: 4/43 MP: 9/9
  5054 | D:4      | Reached skill level 6 in Unarmed Combat
  5056 | D:4      | Learned a level 1 spell: Summon Small Mammal
  5056 | D:4      | Noticed an ogre
  5096 | D:3      | Reached skill level 1 in Poison Magic
  5329 | D:4      | Killed an ogre
  5572 | D:4      | Reached skill level 5 in Transmutations
  5572 | D:4      | Reached XP level 7. HP: 48/48 MP: 7/10
  5829 | D:5      | Entered Level 5 of the Dungeon
  5829 | D:5      | Found Fyeq's Armour Shoppe.
  6174 | D:5      | Reached XP level 8. HP: 54/54 MP: 7/11
  6362 | D:5      | Learned a level 3 spell: Confusing Touch
  6395 | D:5      | Reached skill level 1 in Hexes
  7191 | D:6      | Reached skill level 5 in Hexes
  7529 | D:6      | Reached XP level 9. HP: 47/59 MP: 9/13
  7860 | D:6      | Learned a level 4 spell: Ice Form
  7963 | D:6      | Found a staircase to the Ecumenical Temple.
  8227 | Temple   | Entered the Ecumenical Temple
  8295 | Temple   | Became a worshipper of Ru the Awakened
  8446 | D:6      | Reached skill level 1 in Ice Magic
  9074 | D:6      | Identified the +1 leather armour "Tarut" {+Inv rC+++ Will-
                  | SInv}
  9184 | D:7      | Noticed Dowan
  9191 | D:7      | Reached skill level 7 in Unarmed Combat
  9210 | D:7      | Killed Dowan
  9740 | D:7      | Reached skill level 8 in Unarmed Combat
  9802 | D:7      | Noticed a two-headed ogre
  9838 | D:7      | Killed a two-headed ogre
  9839 | D:7      | Reached skill level 9 in Unarmed Combat
  9839 | D:7      | Reached XP level 10. HP: 63/65 MP: 15/15
 10070 | D:7      | Noticed Duvessa
 10280 | D:7      | Gained mutation: You sometimes lose the ability to read
                  | scrolls when taking damage. [Ru sacrifice]
 10280 | D:7      | Reached * piety under Ru
 10317 | D:7      | Reached skill level 10 in Unarmed Combat
 10502 | D:7      | Reached skill level 1 in Armour
 10587 | D:7      | Noticed Pikel
 10607 | D:7      | Killed Pikel
 10934 | D:7      | Killed Duvessa
 11323 | D:7      | Noticed Grum
 11696 | D:7      | Killed Grum
 11841 | D:8      | Found a stormy altar of Qazlal.
 12223 | D:8      | Noticed an unseen horror
 12250 | D:8      | Killed an unseen horror
 12251 | D:8      | Reached skill level 5 in Dodging
 12861 | D:9      | Found a flagged portal.
 12996 | Bailey   | Entered a bailey
 13265 | Bailey   | Reached XP level 11. HP: 78/78 MP: 16/16
 13283 | Bailey   | Reached skill level 5 in Fighting
 13412 | Bailey   | Reached skill level 11 in Unarmed Combat
 13412 | Bailey   | Reached XP level 12. HP: 92/92 MP: 17/17
 13418 | Bailey   | Learned a level 3 spell: Conjure Flame
 13455 | Bailey   | Gained mutation: You are frail. (-10% HP) [Ru sacrifice]
 13455 | Bailey   | Reached ** piety under Ru
 13455 | Bailey   | Reached *** piety under Ru
 13560 | Bailey   | HP: 1/73 [orc knight (29)]
 13567 | Bailey   | Mangled by an orc knight

Illustrated notes

Levels and vault maps discovered:
D:1:      ebering_trefoil_twist, layout_loops_corners,
          ebering_ecumenical_altar_hall, minmay_cupped
D:2:      kb_forest_paths, layout_basic, basic_altar, bh_walls_and_bars
D:3:      layout_loops_ring, lemuel_doored_altar,
          grunt_temple_overflow_octagram, zin_academy, elyvilon_altar_1
D:4:      layout_cave_pools
D:5:      corexii_shack_village, layout_basic, serial_shops,
          nicolae_shop_statue_plus, minmay_misc_feat_pillars, minivault_11
D:6:      layout_basic, minmay_temple_entry_fiery, corexii_corridor_pit
D:7:      layout_cave_pods, serial_gnoll_camp, gnoll_camp_mini_hut,
          gnoll_camp_mini_house, gnoll_camp_mini_basic,
          gnoll_camp_mini_loothouse, grums_kennel,
          minmay_misc_feat_more_columns, kennysheep_generic_room_8,
          uniq_duvessa, uniq_pikel
D:8:      layout_basic, grunt_qazlal_clouds
D:9:      layout_basic, enter_bailey_5, serial_co_window_serial,
          co_window_corner_a, co_window_paths_b, co_window_corner_a,
          co_window_cross_1, co_window_of_opportunity_a, co_window_corner_b,
          co_window_paths_c, co_window_2corner, co_window_sun, serial_shops,
          nicolae_shop_advertising_works [nicolae_subvault_shop_adworks]
Temple:   nicolae_temple_figure_zero
Bailey:   bailey_polearm_5, bailey

Skill      XL: |  1  2  3  4  5  6  7  8  9 10 11 12 |
---------------+-------------------------------------+-----
Unarmed Combat | 4 5 6 9 10 11 | 11.5
Transmutations | 3 5 6 |  6.6
Poison Magic   | 2 |  2.2
Dodging        | 2 3 5 7 |  7.2
Hexes          | 6 |  6.2
Spellcasting   | 3 |  3.7
Ice Magic      | 3 |  3.0
Armour         | 4 |  4.8
Fighting       | 4 7 |  7.9
Fire Magic     | 2 |  2.0

Action                   |  1- 3 |  4- 6 |  7- 9 | 10-12 || total
-------------------------+-------+-------+-------+-------++-------
Melee: Unarmed           |    85 |   115 |   231 |   227 ||   658
       Kick              |    21 |    12 |     1 |     4 ||    38
       Punch             |     2 |       |     1 |     4 ||     7
Throw: Dart              |       |    12 |       |     3 ||    15
       Throwing net      |       |       |       |     2 ||     2
 Cast: Beastly Appendage |    21 |    23 |     2 |     1 ||    47
       Wereblood         |     4 |     8 |     1 |       ||    13
       Spider Form       |       |     2 |    34 |    24 ||    60
       Ice Form          |       |       |     3 |     1 ||     4
       Confusing Touch   |       |       |     1 |     8 ||     9
       Conjure Flame     |       |       |       |     1 ||     1
       Summon Small Mamm |       |       |       |     1 ||     1
Invok: Sacrifice Words   |       |       |       |     1 ||     1
       Draw Out Power    |       |       |       |     2 ||     2
       Sacrifice Health  |       |       |       |     1 ||     1
 Abil: End Transformatio |       |       |       |     1 ||     1
  Use: Potion            |       |     3 |     5 |     6 ||    14
       Scroll            |       |     2 |     6 |     4 ||    12
 Stab: Sleeping          |       |     1 |     1 |       ||     2
       Invisible         |       |       |     2 |     1 ||     3
       Confused          |       |       |     1 |     6 ||     7
Armor: Robe              |    13 |    14 |     3 |     2 ||    32
       Skin              |       |       |    12 |     7 ||    19
Dodge: Dodged            |    35 |    97 |   205 |   287 ||   624

Table legend: (Time is in decaauts)
 A = Elapsed time spent in this place.
 B = Non-inter-level travel time spent in this place.
 C = Inter-level travel time spent in this place.
 D = Time resting spent in this place.
 E = Time spent auto-exploring this place.
 F = Levels seen in this place.
 G = Mean time per level.
                   A        B        C        D        E       F      G
               +--------+--------+--------+--------+--------+-----+--------+
         Total |  13484 |  13010 |    474 |   3454 |   7337 |  11 | 1225.8 |
       Dungeon |  12843 |  12379 |    464 |   3144 |   7243 |   9 | 1427.0 |
        Temple |     78 |     68 |     10 |      0 |     64 |   1 |   78.0 |
        Bailey |    561 |    561 |      0 |    310 |     30 |   1 |  561.0 |
               +--------+--------+--------+--------+--------+-----+--------+

Top non-repeatable levels by time:
     D:7: 2397 daAuts
     D:6: 2078 daAuts
     D:1: 1697 daAuts
     D:3: 1662 daAuts
     D:2: 1463 daAuts
     D:5: 1372 daAuts
     D:4: 990 daAuts
     D:8: 984 daAuts
  Bailey: 561 daAuts
     D:9: 197 daAuts
  Temple: 78 daAuts
